 Dungeon Crawl Stone Soup version 0.17-a0-1176-g3d5a0d0 (console) character file.

23127 Garrluk the Fencer (level 13, -5/108 HPs)
             Began as a Formicid Fighter on May 30, 2015.
             Was a High Priest of the Shining One.
             Slain by a white ugly thing (19 damage)
             ... on level 13 of the Dungeon.
             The game lasted 00:37:27 (12471 turns).

Garrluk the Fencer (Formicid Fighter)              Turns: 12471, Time: 00:37:27

Health: -5/108     AC: 15    Str: 27    XL:     13   Next: 32%
Magic:  22/22      EV:  6    Int:  9    God:    the Shining One [*****.]
Gold:   736        SH: 10    Dex: 10    Spells: 0 memorised, 12 levels left

rFire  + . .     SeeInvis +     d - +3 scimitar "Fiorr" {flame, rF+ Str+2}
rCold  . . .     Clarity  +     E - +0 plate armour
rNeg   + + +     SustAt   .     c - +0 shield
rPois  .         Gourm    .     (helmet unavailable)
rElec  .         Spirit   .     m - +0 cloak {MR+}
rCorr  .         Warding  .     J - +0 pair of gloves
rMut   .         Stasis   +     h - +0 pair of boots
MR     ++...                    u - amulet of clarity
Stlth  ..........               V - ring of magical power
                                N - ring of positive energy

@: lethally poisoned (-5 -> -13), glowing, very resistant to hostile
enchantments, extremely unstealthy
A: permanent stasis, dig shafts and tunnels, four strong arms, antennae 3
a: Dig, Shaft Self, Divine Shield, Cleansing Flame, Summon Divine Warrior,
Renounce Religion


You were on level 13 of the Dungeon.
You worshipped the Shining One.
The Shining One was extremely pleased with you.
You were not hungry.

You visited 2 branches of the dungeon, and saw 15 of its levels.

You collected 934 gold pieces.
You spent 198 gold pieces at shops.

Notes
Turn   | Place    | Note
--------------------------------------------------------------
     0 | D:1      | Garrluk the Formicid Fighter began the quest for the Orb.
     0 | D:1      | Reached XP level 1. HP: 18/18 MP: 1/1
    77 | D:1      | Reached XP level 2. HP: 22/24 MP: 2/2
   471 | D:1      | Reached XP level 3. HP: 27/29 MP: 3/3
   970 | D:2      | Noticed Sigmund
   978 | D:2      | Killed Sigmund
   978 | D:2      | Reached skill level 5 in Long Blades
   978 | D:2      | Reached XP level 4. HP: 12/35 MP: 4/4
   978 | D:2      | Reached XP level 5. HP: 14/41 MP: 5/5
  1240 | D:2      | Reached XP level 6. HP: 42/47 MP: 6/6
  1281 | D:2      | Reached skill level 6 in Long Blades
  1716 | D:3      | Found a glowing golden altar of the Shining One.
  1735 | D:3      | Became a worshipper of the Shining One
  2267 | D:3      | Reached skill level 7 in Long Blades
  2267 | D:3      | Reached XP level 7. HP: 38/52 MP: 7/7
  2642 | D:4      | Found Monum's Jewellery Boutique.
  2816 | D:4      | Acquired the Shining One's first power
  2964 | D:4      | Noticed Menkaure
  2984 | D:4      | Killed Menkaure
  2984 | D:4      | Reached skill level 8 in Long Blades
  3021 | D:4      | Reached XP level 8. HP: 54/58 MP: 8/8
  3100 | D:5      | Entered Level 5 of the Dungeon
  3221 | D:5      | Reached skill level 9 in Long Blades
  3230 | D:5      | Found Bealedos's Antique Weapon Boutique.
  3238 | D:5      | Bought a warped scimitar for 198 gold pieces
  3238 | D:5      | Identified the cursed +3 scimitar "Fiorr" {flame, rF+ Str+2} (You bought it in a shop on level 5 of the Dungeon)
  3252 | D:5      | Found a burning altar of Makhleb.
  3252 | D:5      | Found a shimmering altar of Xom.
  4153 | D:6      | Reached skill level 10 in Long Blades
  4349 | D:6      | Reached XP level 9. HP: 55/65 MP: 9/9
  4359 | D:6      | Found a staircase to the Ecumenical Temple.
  4373 | Temple   | Entered the Ecumenical Temple
  4547 | D:6      | Acquired the Shining One's second power
  4782 | D:6      | Reached skill level 11 in Long Blades
  4837 | D:6      | Noticed Grinder
  4850 | D:6      | Killed Grinder
  4871 | D:6      | Reached skill level 5 in Fighting
  5628 | D:7      | Reached skill level 12 in Long Blades
  5628 | D:7      | Reached XP level 10. HP: 47/76 MP: 10/10
  5772 | D:7      | Found a bloodstained altar of Trog.
  5772 | D:7      | Found an ancient bone altar of Kikubaaqudgha.
  5772 | D:7      | Found a snail-covered altar of Cheibriados.
  5775 | D:7      | Found a sacrificial altar of Ru.
  6572 | D:7      | Noticed Crazy Yiuf
  6577 | D:7      | Killed Crazy Yiuf
  6847 | D:8      | Found a staircase to the Lair.
  6981 | D:8      | Noticed Erolcha
  7007 | D:8      | Killed Erolcha
  7007 | D:8      | Reached skill level 13 in Long Blades
  7019 | D:8      | Got a crude hand axe
  7020 | D:8      | Identified the +9 hand axe "Eheppach" {elec, rElec rF- rN+ Dex+4} (You found it on level 8 of the Dungeon)
  7243 | D:8      | Reached XP level 11. HP: 87/87 MP: 11/11
  7622 | D:9      | Found a staircase to the Lair.
  7788 | D:9      | Reached skill level 14 in Long Blades
  8483 | D:10     | Entered Level 10 of the Dungeon
  8531 | D:10     | Found a staircase to the Orcish Mines.
  8804 | D:10     | Acquired the Shining One's third power
  8981 | D:10     | Noticed Maurice
  8999 | D:10     | Killed Maurice
  9117 | D:10     | Noticed an unseen horror
  9118 | D:10     | Found a glowing golden altar of the Shining One.
  9128 | D:10     | Killed an unseen horror
  9128 | D:10     | Reached skill level 10 in Fighting
  9374 | D:11     | Reached skill level 15 in Long Blades
  9400 | D:11     | Noticed a cyclops
  9405 | D:11     | Killed a cyclops
  9414 | D:11     | Found a portal to a secret trove of treasure.
  9428 | D:11     | Noticed a cyclops
  9432 | D:11     | You fall through a shaft for 2 floors!
  9445 | D:13     | Reached XP level 12. HP: 26/98 MP: 12/12
  9873 | D:13     | Noticed a rakshasa
  9894 | D:13     | Killed a rakshasa
  9911 | D:13     | Noticed a manticore
  9917 | D:13     | Killed a manticore
 10411 | D:14     | Reached skill level 16 in Long Blades
 10509 | D:13     | Acquired the Shining One's fourth power
 10738 | D:12     | Reached skill level 1 in Invocations
 10840 | D:11     | Noticed a hill giant
 10845 | D:11     | Killed a hill giant
 10987 | D:11     | Killed a cyclops
 11141 | D:10     | Reached XP level 13. HP: 96/107 MP: 13/13
 12087 | D:12     | Reached skill level 5 in Shields
 12412 | D:13     | Noticed a necromancer
 12429 | D:13     | Killed a necromancer
 12429 | D:13     | Reached skill level 17 in Long Blades
 12458 | D:13     | Noticed a white ugly thing
 12470 | D:13     | The Shining One protects you from harm!
 12471 | D:13     | Slain by a white ugly thing

Inventory:

Hand weapons
 d - the +3 scimitar "Fiorr" (weapon) {flame, rF+ Str+2}
   (You bought it in a shop on level 5 of the Dungeon)

   It has been specially enchanted to burn those struck by it, causing extra
   injury to most foes and up to half again as much damage against particularly
   susceptible opponents.
   Big, fiery blades are also staple armaments of hydra-hunters.
   It affects your strength (+2).
   It protects you from fire.
 f - a +2 long sword
   (You took it off a wight on level 8 of the Dungeon)
 I - a +1 scimitar of holy wrath
   (You took it off an orc warrior on level 10 of the Dungeon)
 K - the +9 hand axe "Eheppach" {elec, rElec rF- rN+ Dex+4}
   (You found it on level 8 of the Dungeon)

   Occasionally, upon striking a foe, it will discharge some electrical energy
   and cause terrible harm.
   It affects your dexterity (+4).
   It makes you vulnerable to fire.
   It insulates you from electricity.
   It protects you from negative energy.
Missiles
 e - 2 javelins (quivered)
Armour
 c - a +0 shield (worn)
 h - a +0 pair of boots (worn)
   (You found it on level 1 of the Dungeon)
 m - a +0 cloak of magic resistance (worn)
   (You took it off Crazy Yiuf on level 7 of the Dungeon)
 E - a +0 plate armour (worn)
   (You took it off an orc warrior on level 6 of the Dungeon)
 J - a +0 pair of gloves (worn)
   (You found it on level 6 of the Dungeon)
Jewellery
 u - an amulet of clarity (around neck)
   (You found it on level 2 of the Dungeon)
 N - a ring of positive energy (left hand)
   (You found it on level 10 of the Dungeon)
 V - a ring of magical power (right hand)
   (You found it on level 12 of the Dungeon)
Magical devices
 g - a wand of disintegration (16)
   (You took it off a deep elf mage on level 12 of the Dungeon)
 j - a wand of slowing (16)
   (You took it off a wight on level 9 of the Dungeon)
 l - a wand of frost (14)
   (You found it on level 9 of the Dungeon)
 w - a wand of lightning (3)
   (You found it on level 10 of the Dungeon)
 z - a wand of frost (20)
   (You found it on level 10 of the Dungeon)
 A - a wand of frost (32)
   (You took it off an orc on level 4 of the Dungeon)
 C - a wand of polymorph (10)
   (You found it on level 4 of the Dungeon)
 G - a wand of digging (24)
   (You found it on level 6 of the Dungeon)
 H - a wand of frost (35)
   (You found it on level 6 of the Dungeon)
 R - a wand of fire (8)
   (You found it on level 10 of the Dungeon)
Scrolls
 a - 2 scrolls of fog
 k - 3 scrolls of remove curse
 n - a scroll of amnesia
 r - 13 scrolls of identify
 v - 2 scrolls of enchant weapon
 y - 2 scrolls of recharging
 P - a scroll of fear
 S - a scroll of brand weapon {unknown}
Potions
 q - a potion of agility
 Q - 2 potions of flight {unknown}
 T - a potion of cure mutation
Books
 i - a book of Frost
   (You found it on level 9 of the Dungeon)

   Spells                             Type                      Level
   a - Freeze                         Ice                          1
   b - Throw Frost                    Conjuration/Ice              2
   c - Ozocubu's Armour               Charms/Ice                   3
   d - Throw Icicle                   Conjuration/Ice              4
   e - Summon Ice Beast               Ice/Summoning                4
   f - Condensation Shield            Ice                          4
 p - a book of Transfigurations
   (You found it on level 6 of the Dungeon)

   Spells                             Type                      Level
   a - Stoneskin                      Transmutation/Earth          2
   b - Irradiate                      Conjuration/Transmutation    5
   c - Statue Form                    Transmutation/Earth          6
   d - Hydra Form                     Transmutation                6
   e - Dragon Form                    Transmutation                7
 x - a book of Ice
   (You found it on level 8 of the Dungeon)

   Spells                             Type                      Level
   a - Ice Form                       Ice/Transmutation            4
   b - Metabolic Englaciation         Hexes/Ice                    5
   c - Ozocubu's Refrigeration        Ice                          6
   d - Bolt of Cold                   Conjuration/Ice              6
   e - Freezing Cloud                 Conjuration/Ice/Air          6
   f - Simulacrum                     Ice/Necromancy               6
 B - a Necronomicon {highlevel, unknown}
   (You found it on level 4 of the Dungeon)

   This book is beyond your current level of understanding.

   Spells                             Type                      Level
   a - Haunt                          Necromancy/Summoning         7
   b - Borgnjor's Revivification      Necromancy                   8
   c - Death's Door                   Charms/Necromancy            8
   d - Necromutation                  Transmutation/Necromancy     8
   The Shining One disapproves of the use of such an item.
 D - a book of the Tempests
   (You found it on level 8 of the Dungeon)

   Spells                             Type                      Level
   a - Static Discharge               Conjuration/Air              3
   b - Lightning Bolt                 Conjuration/Air              5
   c - Fireball                       Conjuration/Fire             5
   d - Tornado                        Air                          9
   e - Shatter                        Earth                        9
 L - a book of Control
   (You found it on level 8 of the Dungeon)

   Spells                             Type                      Level
   a - Control Teleport               Charms/Translocation         4
   b - Control Undead                 Necromancy                   4
   c - Metabolic Englaciation         Hexes/Ice                    5
   d - Mass Confusion                 Hexes                        6
 O - a Young Poisoner's Handbook
   (You found it on level 13 of the Dungeon)

   Spells                             Type                      Level
   a - Sting                          Conjuration/Poison           1
   b - Cure Poison                    Poison                       2
   c - Mephitic Cloud                 Conjuration/Poison/Air       3
   d - Olgreb's Toxic Radiance        Poison                       4
   e - Venom Bolt                     Conjuration/Poison           5
   The Shining One disapproves of the use of such an item.
Comestibles
 b - 6 beef jerkies
 o - 12 bread rations
 s - 5 meat rations
 t - a slice of pizza
 F - a royal jelly
 M - 2 fruits
 U - 7 chunks of flesh

Table legend:
 A = Turns spent in this place as a percentage of turns spent in the entire game.
 B = Non-inter-level travel turns spent in this place as a percentage of non-inter-level travel turns spent in the entire game.
 C = Inter-level travel turns spent in this place as a percentage of turns spent in this place.
 D = Turns resting spent in this place as a percentage of non-inter-level travel turns spent in this place.
 E = Turns spent auto-exploring this place as a percentage of non-inter-level travel turns spent in this place.
 F = Non-inter-level travel turns spent in this place divided by the number of levels of this place that you've seen.
                   A       B       C       D       E      F
               +-------+-------+-------+-------+-------+----------------------
         Total | 100.0 | 100.0 |   0.3 |   1.0 |   5.7 | 328.0
       Dungeon | 100.0 | 100.0 |   0.3 |   1.0 |   5.7 | 351.4
        Temple |   0.0 |   0.0 |   0.0 |   0.0 |   0.0 |   1.0
               +-------+-------+-------+-------+-------+----------------------


   Skills:
 + Level 12.0 Fighting
 * Level 17.0 Long Blades
 + Level 4.8 Armour
 + Level 5.1 Shields
 - Level 1.0 Invocations


You had 12 spell levels left.
You didn't know any spells.

Dungeon Overview and Level Annotations

Branches:
Dungeon (14/15)            Temple (1/1) D:6            Lair (0/8) D:9
    Orc (0/4) D:10
 Vaults: D:13-14

Altars:
Cheibriados
Kikubaaqudgha
Makhleb
Ru
Trog
Xom
The Shining One

Shops:
D:4 =   D:5 (

Portals:
Trove: D:11 (give wand of hasting (9))


Innate Abilities, Weirdness & Mutations

You are under a permanent stasis effect.
You can dig through walls and to a lower floor.
Your four strong arms can wield two-handed weapons with a shield.
You have a pair of large antennae on your head (SInv).


Message History

You feel sick.
You completely miss the white ugly thing.
The white ugly thing is lightly wounded.
You feel sick. The white ugly thing engulfs you!
The white ugly thing freezes you!!
You slash the white ugly thing! You burn the white ugly thing.
The white ugly thing is moderately wounded.
You feel sick. The white ugly thing engulfs you.
The white ugly thing freezes you!!
* * * LOW HITPOINT WARNING * * *
You slash the white ugly thing! You burn the white ugly thing.
The white ugly thing is heavily wounded.
You feel sick. The white ugly thing engulfs you!
* * * LOW HITPOINT WARNING * * *
The white ugly thing freezes you!! The Shining One protects you from harm!
You hit the white ugly thing. You burn the white ugly thing.
The white ugly thing is severely wounded.
The white ugly thing engulfs you.
* * * LOW HITPOINT WARNING * * *
The white ugly thing freezes you!!
You die...

#...... { ...
......## #..
....... #.# #....#
#.####....##
####..........#
##u##........#.###
#@#.#.####........
####u........#.###
#..####.###.# #..#
#.# #.# #..# #.#
#.#
#u.####.###.###
#........##..รท.
'............##
#..####..##..##
#..##....##...#
#.[..##..#)


You could see a white ugly thing.

Table legend:
 A = Kills in this place as a percentage of kills in entire the game.
 B = Kills by you in this place as a percentage of kills by you in the entire game.
 C = Kills by friends in this place as a percentage of kills by friends in the entire game.
 D = Other kills in this place as a percentage of other kills in the entire game.
 E = Experience gained in this place as a percentage of experience gained in the entire game.
 F = Experience gained in this place divided by the number of levels of this place that you have seen.
                   A       B       C       D       E      F
               +-------+-------+-------+-------+-------+----------------------
         Total | 100.0 | 100.0 |  -nan |  -nan | 100.0 | 2202.6
       Dungeon | 100.0 | 100.0 |  -nan |  -nan | 100.0 | 2359.9
               +-------+-------+-------+-------+-------+----------------------

Vanquished Creatures
  Monster Symbol All '5' Grinder (D:6)
  A quasit (D:5)
  4 crimson imps
  2 shadow imps
8 creatures vanquished. All '@' Maurice (D:10) Sigmund (D:2)
2 creatures vanquished. All 'C' 3 hill giants 4 cyclopes
7 creatures vanquished. All 'D' 3 steam dragons
3 creatures vanquished. All 'F' 11 giant frogs
11 creatures vanquished. All 'H' A manticore (D:13) 5 hippogriffs
6 creatures vanquished. All 'J' 4 slime creatures (D:13) 2 jellies
6 creatures vanquished. All 'K' 2 big kobolds 28 kobolds
30 creatures vanquished. All 'M' Menkaure (D:4)
1 creature vanquished. All 'O' Erolcha (D:8) A two-headed ogre (D:8) 14 ogres
16 creatures vanquished. All 'Q' A tengu conjurer (D:12)
1 creature vanquished. All 'R' A rakshasa (D:13)
1 creature vanquished. All 'S' A black mamba (shapeshifter) (D:14) A water moccasin (D:8) 11 adders A ball python (D:5)
14 creatures vanquished. All 'T' 3 trolls
3 creatures vanquished. All 'W' 3 wraiths A hungry ghost (D:10)
4 creatures vanquished. All 'Y' 5 yaks (D:10) 5 ice beasts 2 sky beasts 7 sheep (D:12)
19 creatures vanquished. All 'Z' 3 centaur zombies A centaur skeleton (D:13) 2 trapdoor spider zombies (D:13) A water moccasin skeleton (D:9) A wasp zombie (D:10) 3 giant frog skeletons A killer bee zombie (D:6) A hound zombie (D:8) A worker ant zombie (D:10) An adder skeleton (D:7) A bat skeleton (D:4) A giant gecko skeleton (D:3) A jackal skeleton (D:6)
18 creatures vanquished. All 'a' 7 worker ants
7 creatures vanquished. All 'b' 18 bats
18 creatures vanquished. All 'c' 5 centaurs
5 creatures vanquished. All 'e' 3 deep elf magi
3 creatures vanquished. All 'g' A gnoll sergeant (D:8) Crazy Yiuf (D:7) 15 gnolls 9 goblins 12 hobgoblins
38 creatures vanquished. All 'h' 4 wargs 2 black bears 9 hounds 7 jackals (D:8)
22 creatures vanquished. All 'i' A spriggan (D:7)
1 creature vanquished. All 'l' 3 wyverns A basilisk (D:12) 4 iguanas 10 giant geckos 8 giant newts
26 creatures vanquished. All 'o' 7 orc warriors 16 orc wizards 13 orc priests 55 orcs
91 creatures vanquished. All 'p' A necromancer (D:13)
1 creature vanquished. All 'r' 5 quokkas 14 rats
19 creatures vanquished. All 's' 3 scorpions 8 giant cockroaches
11 creatures vanquished. All 't' A crocodile (D:8)
1 creature vanquished. All 'u' 3 ugly things
3 creatures vanquished. All 'w' 2 worms
2 creatures vanquished. All 'x' An unseen horror (D:10)
1 creature vanquished. All 'y' 3 vampire mosquitoes (D:13) 2 wasps 6 killer bees (D:7)
11 creatures vanquished. All 'z' 8 wights
8 creatures vanquished.
418 creatures vanquished. Monster Nature Uniques Erolcha (D:8) Maurice (D:10) Grinder (D:6) Sigmund (D:2) Menkaure (D:4) Crazy Yiuf (D:7)
6 creatures vanquished. Natural Monsters An unseen horror (D:10) 3 hill giants A manticore (D:13) 4 cyclopes A necromancer (D:13) 3 ugly things A black mamba (shapeshifter) (D:14) A tengu conjurer (D:12) 3 trolls A two-headed ogre (D:8) 4 slime creatures (D:13) 5 yaks (D:10) 3 deep elf magi 3 wyverns 5 hippogriffs A spriggan (D:7) 3 steam dragons A basilisk (D:12) 4 wargs A water moccasin (D:8) 7 orc warriors 5 ice beasts 2 wasps 5 centaurs 2 sky beasts 2 black bears A crocodile (D:8) 14 ogres 2 big kobolds 11 giant frogs A gnoll sergeant (D:8) 3 scorpions 6 killer bees (D:7) 9 hounds 2 jellies 16 orc wizards 13 orc priests 4 iguanas 7 worker ants 7 sheep (D:12) 11 adders 15 gnolls 2 worms 10 giant geckos 55 orcs A ball python (D:5) 8 giant cockroaches 9 goblins 12 hobgoblins 7 jackals (D:8) 5 quokkas 18 bats 8 giant newts 28 kobolds 14 rats
371 creatures vanquished. Undead Monsters 3 centaur zombies A centaur skeleton (D:13) 2 trapdoor spider zombies (D:13) 3 wraiths A hungry ghost (D:10) 3 vampire mosquitoes (D:13) A water moccasin skeleton (D:9) 8 wights A wasp zombie (D:10) 3 giant frog skeletons A killer bee zombie (D:6) A hound zombie (D:8) A worker ant zombie (D:10) An adder skeleton (D:7) A bat skeleton (D:4) A giant gecko skeleton (D:3) A jackal skeleton (D:6)
33 creatures vanquished. Demonic Monsters A rakshasa (D:13) A quasit (D:5) 4 crimson imps 2 shadow imps
8 creatures vanquished.
418 creatures vanquished. Ascending Order Erolcha (D:8) A rakshasa (D:13) An unseen horror (D:10) A manticore (D:13) A necromancer (D:13) Maurice (D:10) A black mamba (shapeshifter) (D:14) A centaur skeleton (D:13) A tengu conjurer (D:12) A two-headed ogre (D:8) Grinder (D:6) Sigmund (D:2) A spriggan (D:7) A basilisk (D:12) A hungry ghost (D:10) Menkaure (D:4) A water moccasin (D:8) A crocodile (D:8) A gnoll sergeant (D:8) A water moccasin skeleton (D:9) A quasit (D:5) A wasp zombie (D:10) Crazy Yiuf (D:7) A killer bee zombie (D:6) A hound zombie (D:8) A worker ant zombie (D:10) An adder skeleton (D:7) A ball python (D:5) A bat skeleton (D:4) A jackal skeleton (D:6) A giant gecko skeleton (D:3) 2 trapdoor spider zombies (D:13) 2 wasps 2 sky beasts 2 black bears 2 big kobolds 2 jellies 2 shadow imps 2 worms 3 hill giants 3 ugly things 3 centaur zombies 3 trolls 3 wraiths 3 wyverns 3 deep elf magi 3 steam dragons 3 vampire mosquitoes (D:13) 3 scorpions 3 giant frog skeletons 4 cyclopes 4 slime creatures (D:13) 4 wargs 4 crimson imps 4 iguanas 5 yaks (D:10) 5 hippogriffs 5 ice beasts 5 centaurs 5 quokkas 6 killer bees (D:7) 7 orc warriors 7 worker ants 7 sheep (D:12) 7 jackals (D:8) 8 wights 8 giant cockroaches 8 giant newts 9 hounds 9 goblins 10 giant geckos 11 giant frogs 11 adders 12 hobgoblins 13 orc priests 14 ogres 14 rats 15 gnolls 16 orc wizards 18 bats 28 kobolds 55 orcs
418 creatures vanquished.

Action                   |  1- 3 |  4- 6 |  7- 9 | 10-12 | 13-15 || total
-------------------------+-------+-------+-------+-------+-------++-------
Melee: Long sword        |    90 |   179 |   127 |       |       ||   396
       Scimitar          |       |       |   154 |   608 |   138 ||   900
Throw: Javelin           |       |     2 |     6 |       |       ||     8
Invok: Divine Shield     |       |       |       |     1 |       ||     1
 Abil: Dig               |     2 |     5 |    10 |    36 |     5 ||    58
       Shaft Self        |       |       |       |     1 |       ||     1
  Use: Potion            |     1 |       |     1 |    10 |     1 ||    13
       Scroll            |       |       |       |    16 |     1 ||    17
  Eat: Chunk             |       |     6 |     8 |    23 |     5 ||    42
       Bread ration      |       |       |     1 |       |       ||     1
